General information
- name: BNet
- type: Ladder team game (AT/RT)
- host: Battle.net
- saver: iggy_the_fisk
map: Cherryville
- players: 8
- length: 56:52
- speed: Fast
- version: 1.21 W3XP
- replay type:

» download(380 KB)
Players
team 1 (loser)

»
HoneyBlunt (
orange | 40 APM | 2258 actions | 56:50)
4 Far Seer
2 Feral Spirit
2 Chain Lighting
3 Shadow Hunter
2 Hex
1 Serpent Ward
» actions
| Assign group hotkey | 25 | |
| Basic commands | 27 | |
| Build / train | 53 | |
| ESC pressed | 1 | |
| Enter build submenu | 21 | |
| Enter hero's abilities submenu | 7 | |
| Give item / drop item | 4 | |
| Remove unit from queue | 1 | |
| Right click | 1051 | |
| Select / deselect | 606 | |
| Select group hotkey | 333 | |
| Use ability | 129 | |
2258 total
» units
| Peon | 12 | |
| Grunt | 2 | |
| Demolisher | 8 | |
| Troll Witch Doctor | 5 | |
| Shaman | 1 | |
28 total
» upgrades
| Ranged Weapons | 3 | |
| Armor | 3 | |
| Witch Doctor Training | 2 | |
| Burning Oil | 1 | |
| Reinforced Defenses | 1 | |
| Spiked Barricades | 0 | |
10 total
» buildings
| Altar of Storms | 1 | |
| Orc Burrow | 9 | |
| Barracks | 4 | |
| Voodoo Lounge | 1 | |
| War Mill | 1 | |
| Stronghold | 1 | |
| Watch Tower | 1 | |
| Fortress | 1 | |
| Spirit Lodge | 2 | |
21 total
» build order
00:17 Altar of Storms
00:24 Orc Burrow
00:51 Barracks
02:03 Orc Burrow
02:25 Barracks
02:53 Voodoo Lounge
03:31 Orc Burrow
04:22 War Mill
05:20 Stronghold
05:40 Orc Burrow
05:43 Watch Tower
07:37 Orc Burrow
07:58 Orc Burrow
08:44 Fortress
08:49 Spirit Lodge
10:27 Spirit Lodge
11:23 Orc Burrow
11:25 Orc Burrow
17:55 Barracks
21:36 Barracks
21:38 Orc Burrow
» items
| Rod of Necromancy | 1 | |
| Healing Salve | 2 | |
3 total

»
SuicideBob (
yellow | 38 APM | 2167 actions | 56:50)
4 Mountain King
2 Storm Bolt
2 Bash
1 Paladin
1 Holy Light
» actions
| Assign group hotkey | 41 | |
| Basic commands | 157 | |
| Build / train | 94 | |
| ESC pressed | 2 | |
| Enter build submenu | 107 | |
| Enter hero's abilities submenu | 5 | |
| Remove unit from queue | 2 | |
| Right click | 935 | |
| Select / deselect | 490 | |
| Select group hotkey | 188 | |
| Use ability | 146 | |
2167 total
» units
| Peasant | 14 | |
| Footman | 7 | |
| Dragonhawk Rider | 9 | |
| Knight | 8 | |
| Siege Engine | 15 | |
| Priest | 4 | |
57 total
» upgrades
| Defend | 1 | |
| Plating | 3 | |
| Magic Sentry | 1 | |
| Animal War Training | 1 | |
| Lumber Harvesting | 2 | |
| Cloud | 1 | |
| Barrage | 1 | |
| Sorceress Training | 1 | |
| Priest Training | 2 | |
| Gunpowder | 3 | |
| Masonry | 3 | |
19 total
» buildings
| Altar of Kings | 1 | |
| Farm | 81 | |
| Barracks | 2 | |
| Lumber Mill | 1 | |
| Keep | 1 | |
| Scout Tower | 4 | |
| Arcane Tower | 4 | |
| Blacksmith | 1 | |
| Gryphon Aviary | 1 | |
| Town Hall | 1 | |
| Arcane Vault | 1 | |
| Castle | 1 | |
| Workshop | 2 | |
| Arcane Sanctum | 1 | |
102 total
» build order
00:03 Altar of Kings
00:04 Farm
00:44 Barracks
01:07 Farm
01:48 Barracks
01:57 Farm
02:30 Farm
02:55 Lumber Mill
03:33 Keep
04:29 Scout Tower
05:02 Arcane Tower
06:10 Blacksmith
06:19 Gryphon Aviary
07:41 Town Hall
07:53 Arcane Vault
08:02 Castle
08:05 Workshop
08:23 Arcane Sanctum
08:28 Scout Tower
08:31 Farm
08:34 Farm
08:36 Farm
09:02 Arcane Tower
10:16 Farm
11:52 Scout Tower
12:45 Arcane Tower
13:19 Farm
13:20 Farm
13:32 Scout Tower
19:26 Arcane Tower
21:05 Workshop
39:57 Farm
40:00 Farm
40:10 Farm
40:12 Farm
40:13 Farm
40:15 Farm
40:18 Farm
40:20 Farm
40:21 Farm
40:55 Farm
40:58 Farm
41:08 Farm
41:12 Farm
41:19 Farm
41:21 Farm
41:23 Farm
41:26 Farm
41:28 Farm
41:30 Farm
41:32 Farm
42:06 Farm
42:08 Farm
42:09 Farm
42:13 Farm
42:16 Farm
42:19 Farm
43:06 Farm
43:08 Farm
43:11 Farm
43:12 Farm
43:14 Farm
43:17 Farm
43:57 Farm
43:58 Farm
44:00 Farm
44:04 Farm
44:31 Farm
44:36 Farm
44:39 Farm
44:42 Farm
44:44 Farm
45:14 Farm
45:17 Farm
45:21 Farm
45:23 Farm
45:28 Farm
46:07 Farm
46:10 Farm
46:12 Farm
46:14 Farm
46:15 Farm
47:10 Farm
47:11 Farm
47:13 Farm
47:17 Farm
47:25 Farm
47:56 Farm
47:58 Farm
48:00 Farm
48:02 Farm
48:04 Farm
48:38 Farm
48:40 Farm
48:43 Farm
48:45 Farm
48:47 Farm
49:28 Farm
49:32 Farm
49:34 Farm
49:38 Farm
49:46 Farm
» items
| Scroll of Regeneration | 1 | |
| Lesser Clarity Potion | 1 | |
2 total

»
SuicideRobert (
blue | 38 APM | 2157 actions | 56:50)
6 Blademaster
3 Wind Walk
2 Critical Strike
1 Bladestorm
5 Tauren Chieftain
2 War Stomp
3 Endurance Aura
5 Far Seer
3 Chain Lighting
2 Far Sight
» actions
| Assign group hotkey | 69 | |
| Basic commands | 60 | |
| Build / train | 96 | |
| Enter build submenu | 15 | |
| Enter hero's abilities submenu | 16 | |
| Give item / drop item | 3 | |
| Remove unit from queue | 1 | |
| Right click | 746 | |
| Select / deselect | 491 | |
| Select group hotkey | 563 | |
| Use ability | 97 | |
2157 total
» units
| Peon | 12 | |
| Grunt | 6 | |
| Kodo Beast | 2 | |
| Wind Rider | 29 | |
49 total
» upgrades
| Berserker Strength | 1 | |
| Ranged Weapons | 3 | |
| War Drums Damage Increase | 1 | |
| Envenomed Spears | 1 | |
| Armor | 3 | |
| Reinforced Defenses | 1 | |
| Spiked Barricades | 3 | |
13 total
» buildings
| Orc Burrow | 8 | |
| Altar of Storms | 1 | |
| War Mill | 1 | |
| Barracks | 1 | |
| Stronghold | 1 | |
| Fortress | 1 | |
| Beastiary | 2 | |
| Voodoo Lounge | 1 | |
| Great Hall | 1 | |
17 total
» build order
00:20 Orc Burrow
00:34 Altar of Storms
00:56 War Mill
01:17 Orc Burrow
02:19 Barracks
03:22 Stronghold
04:03 Orc Burrow
04:30 Orc Burrow
05:45 Fortress
06:39 Beastiary
06:55 Voodoo Lounge
07:21 Great Hall
07:35 Beastiary
11:33 Orc Burrow
11:35 Orc Burrow
11:35 Orc Burrow
11:35 Orc Burrow
» items
| Boots of Speed | 2 | |
| Circlet of Nobility | 3 | |
| Orb of Lightning | 2 | |
| Scroll of Town Portal | 3 | |
| Healing Salve | 2 | |
12 total
wreckerbill (
purple | 42 APM | 2086 actions | 49:09)
5 Crypt Lord
1 Carrion Beetles
3 Impale
1 Spiked Carapace
» actions
| Assign group hotkey | 24 | |
| Basic commands | 22 | |
| Build / train | 140 | |
| ESC pressed | 10 | |
| Enter build submenu | 51 | |
| Enter hero's abilities submenu | 5 | |
| Remove unit from queue | 2 | |
| Right click | 884 | |
| Select / deselect | 438 | |
| Select group hotkey | 373 | |
| Use ability | 137 | |
2086 total
» units
| Acolyte | 13 | |
| Ghoul | 7 | |
| Crypt Fiend | 5 | |
| Meatwagon | 9 | |
| Obsidian Statue | 4 | |
| Necromancer | 27 | |
| Frost Wyrm | 20 | |
| Gargoyle | 3 | |
88 total
» upgrades
| Creature Carapace | 3 | |
| Creature Attack | 3 | |
| Unholy Strength | 3 | |
| Unholy Armor | 3 | |
| Skeletal Longevity | 1 | |
| Necromancer Training | 2 | |
| Exhume Corpses | 1 | |
| Disease Cloud | 1 | |
| Skeletal Mastery | 1 | |
| Web | 1 | |
| Ghoul Frenzy | 1 | |
| Freezing Breath | 1 | |
21 total
» buildings
| Graveyard | 2 | |
| Crypt | 1 | |
| Ziggurat | 26 | |
| Altar of Darkness | 1 | |
| Tomb of Relics | 1 | |
| Nerubian Tower | 4 | |
| Spirit Tower | 15 | |
| Halls of the Dead | 1 | |
| Black Citadel | 1 | |
| Slaughterhouse | 3 | |
| Sacrificial Pit | 1 | |
| Temple of the Damned | 3 | |
| Boneyard | 6 | |
65 total
» build order
00:25 Graveyard
00:30 Crypt
00:40 Ziggurat
01:00 Altar of Darkness
01:15 Tomb of Relics
01:29 Ziggurat
02:12 Nerubian Tower
03:18 Spirit Tower
04:19 Ziggurat
05:30 Ziggurat
07:21 Ziggurat
08:10 Ziggurat
08:12 Ziggurat
08:14 Ziggurat
08:17 Spirit Tower
09:02 Ziggurat
09:04 Ziggurat
09:05 Ziggurat
09:07 Ziggurat
09:10 Ziggurat
09:50 Halls of the Dead
09:55 Spirit Tower
09:56 Spirit Tower
09:59 Nerubian Tower
10:04 Spirit Tower
10:10 Spirit Tower
10:55 Spirit Tower
10:56 Spirit Tower
10:57 Nerubian Tower
11:38 Graveyard
12:11 Black Citadel
12:16 Slaughterhouse
12:23 Slaughterhouse
12:33 Ziggurat
12:36 Ziggurat
12:37 Ziggurat
12:39 Ziggurat
12:55 Sacrificial Pit
13:01 Slaughterhouse
13:05 Temple of the Damned
13:10 Temple of the Damned
13:13 Temple of the Damned
13:38 Spirit Tower
13:38 Spirit Tower
13:38 Spirit Tower
13:39 Nerubian Tower
23:53 Boneyard
23:55 Boneyard
23:59 Boneyard
24:07 Boneyard
24:22 Boneyard
24:27 Boneyard
30:28 Ziggurat
30:35 Ziggurat
30:37 Ziggurat
30:38 Ziggurat
30:42 Ziggurat
30:43 Ziggurat
30:48 Ziggurat
30:52 Ziggurat
30:55 Ziggurat
32:39 Spirit Tower
32:40 Spirit Tower
44:55 Spirit Tower
44:55 Spirit Tower
» items
| Rod of Necromancy | 1 | |
| Sacrificial Skull | 1 | |
2 total
team 2 (winner)
BO_SCHEMBECHLER (
pink | 53 APM | 2999 actions | 56:50)
5 Blood Mage
3 Flame Strike
2 Siphon Mana
4 Paladin
2 Holy Light
2 Divine Shield
3 Mountain King
2 Storm Bolt
1 Bash
» actions
| Assign group hotkey | 20 | |
| Basic commands | 36 | |
| Build / train | 168 | |
| ESC pressed | 14 | |
| Enter build submenu | 70 | |
| Enter hero's abilities submenu | 13 | |
| Give item / drop item | 5 | |
| Right click | 877 | |
| Select / deselect | 490 | |
| Select group hotkey | 897 | |
| Use ability | 408 | |
2999 total
» units
| Peasant | 24 | |
| Dragonhawk Rider | 18 | |
| Flying Machine | 18 | |
60 total
» upgrades
| Masonry | 3 | |
| Lumber Harvesting | 1 | |
| Magic Sentry | 1 | |
| Sorceress Training | 1 | |
| Armor | 4 | |
| Swords | 4 | |
| Animal War Training | 1 | |
| Cloud | 1 | |
| Gunpowder | 3 | |
| Flak Cannons | 1 | |
| Flying Machine Bombs | 1 | |
21 total
» buildings
| Altar of Kings | 1 | |
| Lumber Mill | 1 | |
| Farm | 14 | |
| Scout Tower | 118 | |
| Guard Tower | 45 | |
| Keep | 1 | |
| Town Hall | 2 | |
| Arcane Sanctum | 1 | |
| Gryphon Aviary | 1 | |
| Arcane Vault | 3 | |
| Castle | 1 | |
| Arcane Tower | 2 | |
| Blacksmith | 1 | |
| Barracks | 1 | |
| Workshop | 5 | |
197 total
» build order
00:15 Altar of Kings
00:20 Lumber Mill
00:38 Farm
00:51 Farm
01:43 Scout Tower
01:43 Scout Tower
01:48 Scout Tower
01:51 Scout Tower
01:59 Scout Tower
02:00 Scout Tower
02:01 Scout Tower
02:13 Guard Tower
02:22 Guard Tower
02:23 Guard Tower
02:27 Scout Tower
02:43 Guard Tower
02:44 Guard Tower
02:57 Scout Tower
02:58 Scout Tower
03:06 Guard Tower
03:17 Guard Tower
03:23 Guard Tower
03:24 Guard Tower
03:29 Scout Tower
03:34 Scout Tower
03:35 Scout Tower
03:51 Guard Tower
03:57 Guard Tower
04:04 Farm
04:08 Guard Tower
04:10 Scout Tower
04:12 Scout Tower
04:13 Scout Tower
04:39 Scout Tower
04:39 Scout Tower
04:43 Scout Tower
04:44 Scout Tower
04:45 Scout Tower
04:50 Scout Tower
04:51 Scout Tower
04:51 Scout Tower
05:02 Guard Tower
05:04 Guard Tower
05:06 Scout Tower
05:08 Scout Tower
05:08 Scout Tower
05:09 Scout Tower
05:16 Guard Tower
05:42 Guard Tower
05:57 Keep
06:06 Guard Tower
06:09 Scout Tower
06:10 Scout Tower
06:11 Scout Tower
06:12 Scout Tower
06:14 Guard Tower
06:24 Guard Tower
06:27 Scout Tower
06:27 Scout Tower
06:27 Scout Tower
06:28 Scout Tower
06:28 Scout Tower
06:28 Scout Tower
06:36 Guard Tower
06:45 Guard Tower
06:50 Scout Tower
06:51 Scout Tower
06:54 Scout Tower
06:55 Scout Tower
07:23 Guard Tower
08:16 Town Hall
08:20 Guard Tower
08:35 Guard Tower
08:47 Guard Tower
09:45 Guard Tower
10:07 Arcane Sanctum
10:12 Gryphon Aviary
10:22 Scout Tower
10:22 Scout Tower
10:24 Scout Tower
10:24 Scout Tower
10:33 Scout Tower
10:34 Scout Tower
10:35 Scout Tower
10:37 Scout Tower
10:38 Scout Tower
11:45 Guard Tower
12:01 Arcane Vault
12:32 Scout Tower
12:34 Scout Tower
13:26 Town Hall
13:38 Guard Tower
13:48 Castle
14:19 Arcane Tower
16:51 Scout Tower
16:51 Scout Tower
16:52 Scout Tower
16:53 Scout Tower
16:54 Scout Tower
16:55 Scout Tower
16:55 Scout Tower
17:05 Arcane Vault
17:06 Arcane Vault
18:15 Scout Tower
18:15 Scout Tower
18:16 Scout Tower
18:16 Scout Tower
18:19 Scout Tower
19:04 Guard Tower
20:11 Scout Tower
20:13 Scout Tower
20:15 Scout Tower
20:15 Scout Tower
20:43 Guard Tower
20:46 Guard Tower
20:57 Scout Tower
20:58 Scout Tower
20:59 Scout Tower
21:00 Scout Tower
21:00 Scout Tower
21:02 Scout Tower
21:02 Scout Tower
21:02 Scout Tower
21:03 Scout Tower
21:03 Scout Tower
21:13 Scout Tower
21:14 Scout Tower
21:14 Scout Tower
21:15 Scout Tower
21:17 Guard Tower
21:22 Scout Tower
22:01 Guard Tower
22:42 Guard Tower
22:58 Scout Tower
24:08 Guard Tower
24:16 Scout Tower
24:16 Scout Tower
24:17 Scout Tower
24:17 Scout Tower
24:18 Scout Tower
24:19 Scout Tower
24:19 Scout Tower
24:39 Scout Tower
24:40 Scout Tower
24:40 Scout Tower
24:41 Scout Tower
24:42 Scout Tower
25:11 Guard Tower
25:17 Scout Tower
25:17 Scout Tower
25:18 Scout Tower
25:19 Scout Tower
25:20 Scout Tower
25:42 Guard Tower
25:47 Guard Tower
25:53 Guard Tower
26:08 Guard Tower
27:20 Guard Tower
27:27 Scout Tower
27:30 Scout Tower
28:16 Guard Tower
28:24 Guard Tower
28:36 Scout Tower
29:21 Scout Tower
29:22 Scout Tower
29:22 Scout Tower
29:23 Scout Tower
29:23 Scout Tower
29:23 Scout Tower
29:24 Scout Tower
29:25 Scout Tower
29:25 Scout Tower
30:17 Guard Tower
30:38 Blacksmith
30:40 Barracks
32:07 Arcane Tower
51:04 Workshop
51:04 Workshop
51:05 Workshop
51:07 Workshop
52:20 Farm
52:21 Farm
52:22 Farm
52:23 Farm
52:24 Farm
52:26 Farm
52:27 Farm
52:28 Farm
52:29 Farm
52:31 Farm
52:33 Farm
» items
| Scroll of Regeneration | 1 | |
| Staff of Sanctuary | 3 | |
| Lesser Clarity Potion | 2 | |
| Potion of Mana | 2 | |
| Boots of Speed | 3 | |
| Periapt of Vitality | 4 | |
| Circlet of Nobility | 4 | |
| Staff of Teleportation | 3 | |
| Orb of Lightning | 1 | |
23 total

»
iggy_the_fisk (
green | 107 APM | 6105 actions | 56:52)
7 Warden
3 Shadow Strike
3 Blink
1 Spirit of Vengeance
6 Pandaren Brewmaster
3 Breath of Fire
2 Drunken Haze
1 Storm Earth and Fire
» actions
| Assign group hotkey | 174 | |
| Basic commands | 44 | |
| Build / train | 103 | |
| Enter build submenu | 29 | |
| Enter hero's abilities submenu | 13 | |
| Give item / drop item | 3 | |
| Remove unit from queue | 1 | |
| Right click | 3281 | |
| Select / deselect | 343 | |
| Select group hotkey | 1841 | |
| Use ability | 272 | |
6105 total
» units
» upgrades
| Corrosive Breath | 1 | |
| Nature's Blessing | 1 | |
| Well Spring | 1 | |
| Strength of the Wild | 2 | |
| Reinforced Hides | 2 | |
7 total
» buildings
| Altar of Elders | 1 | |
| Moon Well | 19 | |
| Tree of Ages | 1 | |
| Tree of Eternity | 1 | |
| Ancient of Wind | 1 | |
| Chimaera Roost | 1 | |
| Ancient of Wonders | 1 | |
| Hunter's Hall | 1 | |
| Tree of Life | 1 | |
27 total
» build order
00:17 Altar of Elders
00:31 Moon Well
01:35 Moon Well
05:10 Moon Well
05:26 Tree of Ages
06:11 Moon Well
06:14 Moon Well
07:57 Tree of Eternity
07:59 Ancient of Wind
10:46 Chimaera Roost
11:37 Ancient of Wonders
12:01 Hunter's Hall
13:59 Tree of Life
20:18 Moon Well
20:21 Moon Well
20:22 Moon Well
24:12 Moon Well
24:17 Moon Well
27:29 Moon Well
27:30 Moon Well
27:32 Moon Well
27:35 Moon Well
27:39 Moon Well
36:38 Moon Well
41:07 Moon Well
41:08 Moon Well
42:35 Moon Well
» items
| Healing Salve | 4 | |
| Orb of Venom | 1 | |
| Staff of Preservation | 1 | |
| Scroll of Town Portal | 7 | |
| Lesser Clarity Potion | 3 | |
| Scroll of Regeneration | 1 | |
| Staff of Sanctuary | 2 | |
| Orb of Lightning | 1 | |
| Boots of Speed | 1 | |
| Staff of Teleportation | 1 | |
22 total
JIMBOSAURUS (
teal | 49 APM | 2781 actions | 56:50)
5 Mountain King
3 Storm Bolt
2 Bash
4 Paladin
2 Holy Light
2 Divine Shield
» actions
| Assign group hotkey | 17 | |
| Basic commands | 81 | |
| Build / train | 131 | |
| Enter build submenu | 55 | |
| Enter hero's abilities submenu | 9 | |
| Give item / drop item | 3 | |
| Remove unit from queue | 22 | |
| Right click | 1168 | |
| Select / deselect | 368 | |
| Select group hotkey | 637 | |
| Use ability | 290 | |
2781 total
» units
| Peasant | 20 | |
| Priest | 2 | |
| Sorceress | 2 | |
| Dragonhawk Rider | 5 | |
| Siege Engine | -7 | |
22 total
» upgrades
| Masonry | 3 | |
| Lumber Harvesting | 2 | |
| Magic Sentry | 1 | |
| Sorceress Training | 2 | |
| Priest Training | 2 | |
| Cloud | 1 | |
| Swords | 3 | |
| Armor | 3 | |
| Animal War Training | 1 | |
| Barrage | 1 | |
| Gunpowder | 1 | |
20 total
» buildings
| Altar of Kings | 1 | |
| Lumber Mill | 1 | |
| Farm | 19 | |
| Scout Tower | 94 | |
| Guard Tower | 33 | |
| Arcane Tower | 4 | |
| Town Hall | 1 | |
| Keep | 1 | |
| Arcane Vault | 2 | |
| Arcane Sanctum | 1 | |
| Castle | 1 | |
| Gryphon Aviary | 2 | |
| Blacksmith | 1 | |
| Barracks | 1 | |
| Workshop | 4 | |
| Cannon Tower | 6 | |
172 total
» build order
00:07 Altar of Kings
00:15 Lumber Mill
00:24 Farm
01:26 Scout Tower
01:27 Scout Tower
01:29 Scout Tower
01:32 Scout Tower
01:33 Scout Tower
01:35 Scout Tower
01:42 Scout Tower
01:43 Scout Tower
01:43 Scout Tower
02:15 Farm
02:22 Scout Tower
02:22 Scout Tower
02:23 Scout Tower
02:32 Scout Tower
02:33 Scout Tower
02:34 Scout Tower
02:53 Guard Tower
03:10 Guard Tower
03:33 Guard Tower
03:48 Guard Tower
03:53 Scout Tower
03:53 Scout Tower
03:56 Scout Tower
04:00 Scout Tower
04:00 Scout Tower
04:01 Scout Tower
04:06 Scout Tower
04:07 Scout Tower
04:07 Scout Tower
04:22 Scout Tower
04:22 Scout Tower
04:31 Guard Tower
04:51 Guard Tower
05:04 Guard Tower
05:13 Guard Tower
05:17 Scout Tower
05:19 Scout Tower
05:44 Guard Tower
06:03 Scout Tower
06:04 Scout Tower
06:08 Arcane Tower
06:20 Guard Tower
06:30 Town Hall
06:33 Guard Tower
06:38 Keep
06:47 Farm
06:48 Farm
06:49 Farm
06:50 Farm
07:03 Scout Tower
07:04 Scout Tower
07:08 Guard Tower
07:19 Scout Tower
07:22 Scout Tower
07:23 Scout Tower
07:29 Scout Tower
07:30 Scout Tower
07:31 Scout Tower
07:38 Guard Tower
08:03 Scout Tower
08:03 Scout Tower
08:04 Scout Tower
08:05 Scout Tower
08:07 Guard Tower
08:31 Arcane Vault
08:38 Scout Tower
08:38 Scout Tower
08:39 Scout Tower
08:41 Scout Tower
08:45 Scout Tower
08:54 Guard Tower
09:18 Farm
09:54 Guard Tower
10:04 Arcane Sanctum
10:42 Scout Tower
10:44 Scout Tower
10:45 Scout Tower
10:46 Scout Tower
10:48 Scout Tower
10:48 Scout Tower
10:49 Scout Tower
10:50 Scout Tower
11:26 Guard Tower
11:40 Scout Tower
11:41 Scout Tower
11:42 Scout Tower
11:44 Scout Tower
11:45 Scout Tower
11:45 Scout Tower
11:48 Scout Tower
11:49 Scout Tower
11:56 Scout Tower
11:57 Scout Tower
12:00 Guard Tower
12:51 Guard Tower
12:54 Guard Tower
12:56 Guard Tower
12:59 Guard Tower
13:00 Guard Tower
13:03 Guard Tower
13:18 Guard Tower
13:39 Guard Tower
13:43 Castle
13:50 Gryphon Aviary
13:52 Gryphon Aviary
13:59 Guard Tower
14:25 Guard Tower
17:26 Guard Tower
17:33 Scout Tower
17:34 Scout Tower
17:35 Scout Tower
17:36 Scout Tower
17:42 Blacksmith
17:47 Barracks
20:07 Arcane Vault
20:22 Guard Tower
21:20 Scout Tower
21:22 Scout Tower
21:23 Scout Tower
21:29 Scout Tower
21:30 Scout Tower
21:59 Guard Tower
22:09 Scout Tower
22:09 Scout Tower
22:46 Guard Tower
23:00 Guard Tower
30:25 Scout Tower
30:26 Scout Tower
30:29 Scout Tower
30:31 Scout Tower
30:33 Scout Tower
30:35 Scout Tower
30:36 Scout Tower
31:54 Arcane Tower
32:24 Arcane Tower
33:53 Arcane Tower
37:14 Scout Tower
37:16 Scout Tower
37:18 Scout Tower
45:41 Workshop
47:42 Workshop
47:43 Workshop
47:57 Farm
47:58 Farm
48:01 Farm
48:02 Farm
48:02 Farm
51:41 Workshop
52:51 Scout Tower
52:52 Scout Tower
52:53 Scout Tower
53:27 Cannon Tower
53:29 Cannon Tower
53:53 Cannon Tower
54:08 Scout Tower
54:09 Scout Tower
54:11 Scout Tower
54:59 Farm
54:59 Farm
55:00 Farm
55:01 Farm
55:01 Farm
55:02 Farm
55:03 Farm
55:06 Cannon Tower
55:17 Scout Tower
55:21 Cannon Tower
55:58 Cannon Tower
56:38 Scout Tower
» items
| Periapt of Vitality | 3 | |
| Healing Salve | 1 | |
| Boots of Speed | 2 | |
| Staff of Teleportation | 2 | |
| Circlet of Nobility | 1 | |
| Orb of Lightning | 2 | |
| Staff of Sanctuary | 1 | |
12 total
PEEON.YOU (
red | 61 APM | 3478 actions | 56:50)
7 Tauren Chieftain
3 Shockwave
3 Endurance Aura
1 Reincarnation
6 Pandaren Brewmaster
3 Breath of Fire
2 Drunken Brawler
1 Storm Earth and Fire
» actions
| Assign group hotkey | 221 | |
| Basic commands | 87 | |
| Build / train | 116 | |
| ESC pressed | 1 | |
| Enter build submenu | 121 | |
| Enter hero's abilities submenu | 13 | |
| Give item / drop item | 8 | |
| Right click | 1177 | |
| Select / deselect | 574 | |
| Select group hotkey | 797 | |
| Use ability | 363 | |
3478 total
» units
| Peon | 17 | |
| Troll Batrider | 46 | |
| Raider | 6 | |
69 total
» upgrades
| Liquid Fire | 1 | |
| Ranged Weapons | 3 | |
| Armor | 3 | |
| Pillage | 1 | |
| Melee Weapons | 3 | |
| Ensnare | 1 | |
12 total
» buildings
| Altar of Storms | 1 | |
| War Mill | 1 | |
| Orc Burrow | 6 | |
| Watch Tower | 101 | |
| Voodoo Lounge | 5 | |
| Stronghold | 1 | |
| Beastiary | 2 | |
| Fortress | 1 | |
118 total
» build order
00:07 Altar of Storms
00:12 War Mill
00:29 Orc Burrow
01:32 Watch Tower
01:55 Watch Tower
02:17 Watch Tower
02:33 Watch Tower
02:40 Watch Tower
03:01 Watch Tower
03:17 Orc Burrow
03:33 Watch Tower
03:41 Watch Tower
03:50 Watch Tower
04:21 Watch Tower
04:28 Watch Tower
04:42 Voodoo Lounge
04:59 Watch Tower
05:10 Watch Tower
05:12 Watch Tower
05:38 Watch Tower
05:43 Watch Tower
05:54 Voodoo Lounge
06:18 Watch Tower
06:25 Watch Tower
06:47 Watch Tower
06:51 Watch Tower
06:58 Watch Tower
07:18 Voodoo Lounge
07:21 Stronghold
07:31 Watch Tower
07:34 Watch Tower
07:58 Watch Tower
08:01 Watch Tower
08:11 Watch Tower
08:34 Watch Tower
08:37 Watch Tower
08:48 Watch Tower
08:52 Voodoo Lounge
09:14 Watch Tower
09:34 Watch Tower
09:45 Watch Tower
09:50 Beastiary
09:53 Watch Tower
10:11 Watch Tower
10:22 Watch Tower
10:37 Watch Tower
11:06 Orc Burrow
11:11 Watch Tower
11:27 Watch Tower
11:40 Watch Tower
11:50 Watch Tower
12:03 Orc Burrow
12:18 Watch Tower
12:51 Watch Tower
12:53 Watch Tower
13:27 Watch Tower
13:55 Watch Tower
14:23 Watch Tower
14:28 Fortress
14:31 Watch Tower
15:08 Watch Tower
16:15 Watch Tower
16:20 Watch Tower
16:24 Watch Tower
16:27 Watch Tower
16:57 Voodoo Lounge
17:14 Watch Tower
17:18 Watch Tower
17:22 Watch Tower
17:24 Watch Tower
17:35 Watch Tower
17:47 Watch Tower
18:34 Watch Tower
18:37 Watch Tower
18:53 Watch Tower
18:56 Watch Tower
19:02 Watch Tower
19:21 Watch Tower
19:31 Watch Tower
20:12 Watch Tower
20:13 Watch Tower
20:18 Watch Tower
20:20 Watch Tower
20:24 Watch Tower
20:40 Watch Tower
21:27 Watch Tower
21:29 Watch Tower
21:31 Watch Tower
21:43 Watch Tower
22:26 Watch Tower
22:31 Watch Tower
22:59 Watch Tower
23:58 Watch Tower
24:00 Watch Tower
24:01 Watch Tower
24:04 Watch Tower
24:10 Watch Tower
24:16 Watch Tower
24:26 Watch Tower
24:33 Watch Tower
24:34 Watch Tower
25:39 Watch Tower
25:49 Watch Tower
25:58 Watch Tower
26:54 Watch Tower
27:39 Watch Tower
27:40 Watch Tower
28:06 Watch Tower
28:12 Watch Tower
28:39 Watch Tower
28:52 Watch Tower
28:56 Watch Tower
30:05 Watch Tower
30:07 Watch Tower
30:09 Watch Tower
37:28 Beastiary
51:49 Orc Burrow
51:50 Orc Burrow
» items
| Staff of Teleportation | 2 | |
| Orb of Lightning | 2 | |
| Potion of Healing | 3 | |
| Potion of Mana | 3 | |
| Healing Salve | 1 | |
| Boots of Speed | 1 | |
| Staff of Sanctuary | 2 | |
| Periapt of Vitality | 3 | |
| Scroll of Town Portal | 1 | |
18 total
Chat log
(00:05 / All) SuicideRobert: pink lol
(00:07 / All) SuicideRobert: UM sucks
(00:09 / All) SuicideRobert: OSU rules
(00:14 / All) iggy_the_fisk: Lol u noob?
(05:03 / All) iggy_the_fisk: a nigga noob can leave
(05:10 / All) SuicideRobert: sure
(05:12 / All) SuicideRobert: tp
(05:55 / All) SuicideRobert: lol green wtf
(05:59 / All) iggy_the_fisk: mfao owned noobs
(16:24 / All) SuicideRobert: lol
(16:32 / All) iggy_the_fisk: where ur army go noobs
(16:33 / All) iggy_the_fisk: leave
(25:28 / All) SuicideRobert: lol
(25:38 / All) iggy_the_fisk: damn and u still lose
(25:42 / All) iggy_the_fisk: howsit feel noob
(25:43 / All) SuicideRobert: lol
(25:52 / All) SuicideRobert: i feel fine
(30:25 / All) HoneyBlunt: we ll finish us off allready
(30:29 / All) HoneyBlunt: bring ur armada
(30:44 / All) iggy_the_fisk: Lmfao noob too dumb to know he lost 30 min ago what can we do
(30:49 / All) HoneyBlunt: there is a whole world beyond the towers
(31:04 / All) HoneyBlunt: in order to win the game u have to kill our bases
(31:19 / All) PEEON.YOU: Thats not entirly true
(32:51 / All) SuicideRobert: lol
(33:48 / All) PEEON.YOU: lol
(33:52 / All) SuicideRobert: lost not even half
(33:53 / Allies) iggy_the_fisk: share if you care
(34:08 / All) PEEON.YOU: thanks for 2 levels :(
(34:14 / All) SuicideRobert: lol
(34:18 / All) SuicideRobert: my levels better than yours lol
(37:25 / All) SuicideRobert: the mine is empty anyways
(37:37 / All) iggy_the_fisk: like your brain LM FAO
(37:41 / All) SuicideRobert: rofl!
(38:58 / All) iggy_the_fisk: QUIT NOOBS
(41:31 / All) iggy_the_fisk: Noob fags need to quit
(41:45 / All) HoneyBlunt: like i said, gotta kill the buildings
(41:52 / All) SuicideBob: how do u quit???
(41:53 / All) HoneyBlunt: all uv done is tower, not leave ur base much
(42:02 / All) iggy_the_fisk: and still we win noobs
(42:39 / All) iggy_the_fisk: sweet tp
(42:44 / All) iggy_the_fisk: *tps wyrms into 20 bats*
(42:49 / All) iggy_the_fisk: *sucks 100 dicks*
(43:21 / All) iggy_the_fisk: How do noob fags feel about losing this game?
(43:28 / All) SuicideBob: pretty good
(43:29 / All) HoneyBlunt: kinda bored actually
(43:35 / All) SuicideBob: not as dramatic of as loss as I'd like
(43:39 / All) HoneyBlunt: its kind of like pbs
(43:41 / All) SuicideBob: but well you guys were just average
(43:42 / All) iggy_the_fisk: takes big noob to spend 1 hr on loss
(43:45 / All) SuicideBob: so what can you do
(43:57 / All) HoneyBlunt: take someone with too much time on thier hands to employ such a strat
(44:05 / All) HoneyBlunt: i mean ur here too righT?
(44:10 / All) SuicideRobert: so what happens if we do the same thing
(44:12 / All) iggy_the_fisk: better stay for the duration to really show us
(44:14 / All) SuicideRobert: we both just sit around for hours?
(44:15 / All) iggy_the_fisk: we win cause you noob
(44:21 / All) HoneyBlunt: ok
(44:32 / All) HoneyBlunt: see this is where u run out of new ideas
(44:38 / All) HoneyBlunt: ur like noob this noob that
(44:45 / All) HoneyBlunt: its kind of narrow minded thinking
(44:59 / All) HoneyBlunt: i mean is that all u do back in ur tower base is be like haha noob noob
(45:06 / All) HoneyBlunt: i mean dostn it get boring?
(45:17 / All) PEEON.YOU: I try to sound smart :(
(45:21 / All) iggy_the_fisk: *loses all gold to upkeep* *tries to save face by typing a shitload of words*
(45:24 / All) HoneyBlunt: how many hours have u invested in this strat?
(45:35 / All) HoneyBlunt: this is obviously not the fist tiem uv done it
(45:42 / All) HoneyBlunt: how many hours in game
(46:04 / All) HoneyBlunt: i mean they are hard earned wins here.. look how long it takes
(46:08 / All) PEEON.YOU: Oh right I forgot, we're playing a game your not
(46:18 / All) HoneyBlunt: huh?
(46:20 / All) iggy_the_fisk: takes exactly as much time to lose is pretty interesting
(46:23 / All) HoneyBlunt: i didnt even use the word game
(46:25 / All) SuicideRobert: so let me get this straight
(46:28 / All) SuicideBob: its pretty much a waste of time no matter whether you win or lose lol
(46:33 / All) SuicideRobert: you guys think youre good cuz it takes you two hours to win?
(46:36 / All) PEEON.YOU: so why are you here?
(46:38 / All) SuicideRobert: most good teams win in 15 minutes lol
(46:43 / All) SuicideBob: cuz i like to annoy people?
(46:48 / All) SuicideBob: this is a backstab account after all...
(46:54 / All) PEEON.YOU: ohmy
(46:56 / All) HoneyBlunt: i mean u laugh at me for an hour loss.. but i mean iv only played u in this game, hoe many hours have u spend doing this?
(46:58 / All) iggy_the_fisk: we thing you noob cause you lost in 5 min and dont realize is all
(46:58 / All) HoneyBlunt: 20?
(47:01 / All) HoneyBlunt: 30?
(47:11 / All) PEEON.YOU: 340h 44m 12s
(47:13 / All) HoneyBlunt: how many times u do this?
(47:13 / All) SuicideRobert: for two hours
(47:14 / All) iggy_the_fisk: payoff of pwning noobs can not be measured
(47:16 / All) SuicideRobert: so isnt joke on you?
(47:25 / All) HoneyBlunt: i bet u got a solid day in game with this tower strat of urs
(47:30 / All) HoneyBlunt: are u proud of that?
(47:38 / All) iggy_the_fisk: Joke is always on noobs who stay getting angry trying to save face with words
(47:38 / All) SuicideBob: i would be
(47:40 / All) HoneyBlunt: spending an entire day of ur life towering
(47:42 / All) SuicideBob: that takes some dedication
(47:50 / All) PEEON.YOU: win with words
(47:54 / All) iggy_the_fisk: losing to it is pretty easy though
(47:54 / All) PEEON.YOU: hurt me so hurt me so
(48:01 / All) HoneyBlunt: look u win, ur better at this game tahn me, bravo
(48:01 / All) iggy_the_fisk: just ask battle.net legend suicidebob
(48:08 / All) HoneyBlunt: but i mean how long have u spend doing this strat
(48:16 / All) iggy_the_fisk: www.highper.ch for all ownage reps
(48:29 / All) HoneyBlunt: u even record ur replays?
(48:31 / All) HoneyBlunt: wow
(48:35 / All) HoneyBlunt: u are really into this
(48:39 / All) HoneyBlunt: what do u do for a living?
(48:42 / All) PEEON.YOU: looooooool
(48:45 / All) HoneyBlunt: are u a pro gamer?
(48:57 / All) PEEON.YOU: we get 40/ph to teach tower leasons
(49:00 / All) PEEON.YOU: want to sign up?
(49:07 / All) HoneyBlunt: nag
(49:08 / All) SuicideBob: sweet
(49:08 / All) SuicideRobert: YES
(49:10 / All) iggy_the_fisk: 40+ apm required sorry
(49:12 / All) HoneyBlunt: i do this on my free time
(49:23 / All) HoneyBlunt: its ok
(49:34 / All) HoneyBlunt: im not too worried about becoming better at this game
(49:42 / All) HoneyBlunt: i mean what merit doest it carry in real life anyways?
(50:04 / All) PEEON.YOU: thats cool dude, go outside drinkbeers go fuck mad girls and post about it on the interweb
(50:08 / All) HoneyBlunt: nobody would even know what u were talknig about if u told them how good u are at battle.net
(50:17 / All) HoneyBlunt: no one would even care if u said 'i tower noobs all day'
(50:25 / All) PEEON.YOU: we have a club that meets twice a week
(50:37 / All) HoneyBlunt: like D&D?
(50:54 / All) PEEON.YOU: yeah we play wc in costumes
(50:59 / All) HoneyBlunt: haha
(51:11 / All) HoneyBlunt: u talk up ur skillz too
(51:14 / All) HoneyBlunt: call eahcother noobs
(51:17 / All) HoneyBlunt: and haze
(51:29 / All) PEEON.YOU: yeah man, spend like 200 on just redbull
(51:37 / All) HoneyBlunt: sweet
(51:51 / All) HoneyBlunt: whatever floats ur boat right?
(52:13 / All) HoneyBlunt: i get together with my freinds and just hang usually
(52:19 / All) HoneyBlunt: maybe some cokes
(52:22 / All) PEEON.YOU: yeah dude thats cool
(52:22 / All) HoneyBlunt: def some blunts
(52:47 / All) HoneyBlunt: im going to check ur profile out
(52:51 / All) PEEON.YOU: cooldude
(52:54 / All) HoneyBlunt: i bet ur ranked with this strat
(53:03 / All) PEEON.YOU: ohman
(53:04 / All) HoneyBlunt: ur prolly like leet
(53:08 / All) iggy_the_fisk: www.highper.ch for all ownage replays contact BEAR_AND for tryouts
(53:12 / All) SuicideBob: i dunno
(53:19 / All) HoneyBlunt: nah thats ok
(53:22 / All) SuicideBob: sounds kinda lame
(53:23 / All) HoneyBlunt: im not good enough
(53:24 / All) PEEON.YOU: clan towa only towas
(53:24 / All) SuicideBob: do you do this all day?
(53:30 / All) HoneyBlunt: haha
(53:35 / All) HoneyBlunt: id never join something like that sorry
(54:00 / All) SuicideBob: you guys are slow man
(54:02 / All) SuicideRobert: what happens when you play a team that does the same thing?
(54:08 / All) HoneyBlunt: a mirror
(54:19 / All) PEEON.YOU: sit out till they leave
(54:23 / All) SuicideBob: you'd figure some leet players such as yourselves could beat mass farms a lil faster
(54:24 / All) SuicideBob: cuz
(54:24 / All) HoneyBlunt: lol
(54:28 / All) SuicideBob: it's not a real strategy...
(55:07 / All) HoneyBlunt: i mean although this strategy is possible, it wasnt intended
(55:13 / All) HoneyBlunt: thats my issue with it
(55:21 / All) PEEON.YOU: please tell me how to be more like you
(55:22 / All) PEEON.YOU: please
(55:27 / All) SuicideBob: first
(55:29 / All) SuicideBob: kill yourself
(55:30 / All) SuicideBob: then
(55:32 / All) SuicideBob: pretend you're alive
(55:33 / All) HoneyBlunt: id rather not
(55:35 / All) PEEON.YOU: im writing this all down as we speak
(55:36 / All) SuicideRobert: Lol
(55:40 / All) SuicideBob: uh
(55:40 / All) HoneyBlunt: lol
(55:40 / All) iggy_the_fisk: spend all day salvagin losses typing words on battle.net
(55:42 / All) SuicideBob: and like
(55:45 / All) SuicideBob: yeah
(55:47 / All) SuicideBob: that's a good one
(55:51 / All) SuicideBob: but what's even better
(55:55 / All) SuicideBob: is when you're trying to lose
(55:58 / All) HoneyBlunt: ur typing
(56:01 / All) SuicideBob: and you're just kind of giving everyone shit
(56:03 / All) HoneyBlunt: whats the diff
(56:03 / All) SuicideBob: for the hell of it
(56:17 / All) HoneyBlunt: lol i know right
(56:29 / All) HoneyBlunt: get on a video game, come up with some strat, and call people noobs
(56:37 / All) SuicideBob: i mean i dun mind losing this game
(56:38 / All) PEEON.YOU: yeah bro
(56:42 / All) HoneyBlunt: i mean how is my time any more wasted than urs
(56:45 / All) SuicideBob: no shame in that
(56:47 / All) HoneyBlunt: whats the diff